 Dungeon Crawl Stone Soup version 0.28-a0-1033-g1a2f33fa85 (webtiles) character file.

Game seed: 1538438773651458812

438 vineage the Fighter (level 7, -5/50 HPs)
             Began as a Gargoyle Fighter on Dec 7, 2021.
             Killed from afar by Dowan (25 damage)
             ... with a shard of ice
             ... on level 4 of the Dungeon.
             The game lasted 00:03:25 (3193 turns).

vineage the Fighter (Gargoyle Fighter)              Turns: 3193, Time: 00:03:27

Health: -5/50      AC: 12    Str: 19    XL:     7   Next: 1%
Magic:  0/7        EV:  9    Int:  9    God:
Gold:   121        SH:  4    Dex: 11    Spells: 6/6 levels left

rFire   . . .      SeeInvis .   k - +0 morningstar (venom)
rCold   . . .      Faith    .   c - +0 buckler
rNeg    + . .      Spirit   +   b - +0 scale mail
rPois   ∞          Reflect  .   (no helmet)
rElec   +          Harm     .   g - +0 cloak
rCorr   .          Rampage  .   (no gloves)
Will    .....                   (no boots)
Stlth   ..........              h - amulet of guardian spirit
HPRegen 0.16/turn               (no ring)
MPRegen 0.10/turn               (no ring)

@: mighty
A: sickness immunity, AC +4, negative energy resistance 1, electricity
resistance, torment resistance 1, petrification resistance
a: no special abilities


You were on level 4 of the Dungeon.
You visited 1 branch of the dungeon, and saw 4 of its levels.

You collected 121 gold pieces.

Inventory:

Hand Weapons
 a - a +0 flail
 k - a +0 morningstar of venom (weapon)
Armour
 b - a +0 scale mail (worn)
 c - a +0 buckler (worn)
 g - a +0 cloak (worn)
Jewellery
 h - an amulet of guardian spirit (around neck)
 n - a +6 ring of strength
Potions
 e - a potion of heal wounds
 f - a potion of curing
 i - a potion of degeneration {unknown}
 j - 2 potions of magic
 l - 2 potions of brilliance {unknown}
 m - a potion of lignification {unknown}
 o - a potion of flight {unknown}


   Skills:
 + Level 8.4 Fighting
 - Level 2.0 Maces & Flails
 - Level 3.2 Armour
 - Level 3.2 Shields


You had 6 spell levels left.
You didn't know any spells.
Your spell library contained the following spells:

 Spells                   Type           Power      Damage    Failure   Level
 Conjure Flame            Conj/Fire      0%         6-21      98%         3
 Ignite Poison            Fire/Tmut/Pois 0%         N/A       98%         3
 Sticky Flame             Conj/Fire      0%         2d3       100%        4


Dungeon Overview and Level Annotations

Branches:
Dungeon (4/15)
 Temple: D:4-7

Altars:
Cheibriados
The Shining One

Shops:
D:2 ?

Annotations:
D:4 Dowan


Innate Abilities, Weirdness & Mutations

You are immune to sickness and miasma.
Your stone body is resilient. (AC +4)
You are immune to poison.
You resist negative energy. (rN+)
You are resistant to electric shocks. (rElec)
You are resistant to unholy torment.
You are immune to petrification.


Message History

The ball python barely misses you. The ball python grabs you.
The ball python constricts you.
You escape the ball python's grasp.
Duvessa closely misses you.
You feel very mighty all of a sudden. Duvessa hits you but does no damage.
You closely miss Duvessa. Duvessa hits you but does no damage. x3
You sock Duvessa!
Duvessa is moderately wounded.
Duvessa hits you but does no damage.
Duvessa hits you with a +1 antimagic rapier.
You puncture Duvessa!
Duvessa is poisoned.
Duvessa is heavily wounded.
Duvessa hits you with a +1 antimagic rapier.
Duvessa closely misses you.
You hit Duvessa.
Duvessa is severely wounded.
Duvessa hits you with a +1 antimagic rapier!
You feel your power leaking away.
Duvessa hits you with a +1 antimagic rapier!
You puncture Duvessa!
You kill Duvessa!
You hear a distant wail of despair.
The ball python barely misses you. The ball python grabs you.
The ball python constricts you.
Your Fighting skill increases to level 8!
You have reached level 7!
You puncture the ball python!
You kill the ball python!
You bludgeon the endoplasm!!
You kill the endoplasm!
Dowan seems to find hidden reserves of power!
You impale Dowan!!
Dowan is almost dead.
You block Dowan's attack. Dowan closely misses you.
You barely miss Dowan.
Dowan is almost dead.
Dowan hits you but does no damage. Dowan casts a spell at you.
The shard of ice hits you!!
Ouch! That really hurt!
You die...

.#.###.# #)#........ # #.
...#..####)####.##.## #.
#.....#_##)####..#.# #.
#.....≈≈≈#....#.#######+## ##
#.)..≈≈≈≈≈.##.###...##...### ..
#....≈≈.≈≈.##.##<.♣..'.♣...#
.###.#..≈≈≈≈≈.##.###...##..[#.###
#.##.##..≈≈≈..##.#.#######.##...#
.##..S..#.....).@.....# #.###...
# #...####...###e##.### ... ##.#
###...# ##### #.##.#####.♣.# ###
.##...# #........#. .###
..'..#..........>...##..## ##.#
.##...#############.##.#.# #.#
###..## #...###.##.#.####.#
#.#..# #.#.)......#....#.###
.##..# #...###.#######......


You could see Dowan (fast).

Vanquished Creatures
  Duvessa (D:4)
  A kobold brigand (D:4)
  A bullfrog skeleton (D:3)
  2 iguanas (D:4)
  2 hound skeletons (D:4)
  Robin (D:4)
  A howler monkey skeleton (D:4)
  An adder (D:2)
  3 worms
  6 dart slugs
  5 orcs (D:4)
  8 ball pythons
  3 bats
  9 endoplasms
  7 giant cockroaches
  13 goblins
  10 hobgoblins
  8 jackals
  8 kobolds
  A quokka (D:2)
  4 frilled lizards
  2 rats
97 creatures vanquished.

Notes
Turn   | Place    | Note
-------+----------+-------------------------------------------
     0 | D:1      | vineage the Gargoyle Fighter began the quest for the Orb.
     0 | D:1      | Reached XP level 1. HP: 14/14 MP: 1/1
   144 | D:1      | Reached XP level 2. HP: 20/20 MP: 2/2
   146 | D:1      | Reached skill level 4 in Fighting
   547 | D:1      | Reached XP level 3. HP: 18/24 MP: 3/3
  1001 | D:2      | Found a faded altar of an unknown god.
  1447 | D:2      | Reached skill level 5 in Fighting
  1483 | D:2      | Found Yrghoinurgh's Magic Scroll Boutique.
  1642 | D:2      | Reached XP level 4. HP: 28/31 MP: 2/4
  2272 | D:3      | Reached skill level 6 in Fighting
  2495 | D:4      | Reached XP level 5. HP: 36/36 MP: 5/5
  2623 | D:4      | Noticed Robin
  2657 | D:4      | Killed Robin
  2660 | D:4      | Reached skill level 7 in Fighting
  2842 | D:4      | Found a snail-covered altar of Cheibriados.
  2916 | D:4      | Found a glowing golden altar of the Shining One.
  3142 | D:4      | Reached XP level 6. HP: 44/44 MP: 6/6
  3156 | D:4      | Noticed Dowan
  3156 | D:4      | Noticed Duvessa
  3188 | D:4      | Killed Duvessa
  3189 | D:4      | Reached skill level 8 in Fighting
  3189 | D:4      | Reached XP level 7. HP: 19/50 MP: 1/7
  3193 | D:4      | Killed from afar by Dowan

Illustrated notes

Levels and vault maps discovered:
D:1:      lemuel_arrival_broad_hall, layout_rooms, chequers_arboretum
D:2:      layout_rooms, serial_shops, shop, shapermc_ecumenical_altar_venn,
          nicolae_elevator_lobby_asterisk
D:3:      layout_basic
D:4:      wad_pebble_path, layout_loops_ring, mainiacjoe_overflow_tiny_flanked,
          kennysheep_slug_shrine, nemelex_diamond_rough_becter,
          tso_oasis_becter, grunt_ministairs_5, uniq_robin, uniq_duvessa

Skill      XL: |  1  2  3  4  5  6 |
---------------+-------------------+-----
Fighting       | 4 5 6 7 8 |  8.4
Maces & Flails | |  2.0
Armour         | |  3.2
Shields        | |  3.2

Action                   |  1- 3 |  4- 6 |  7- 9 || total
-------------------------+-------+-------+-------++-------
Melee: Flail             |   109 |       |       ||   109
       Morningstar       |    32 |   150 |     4 ||   186
  Use: Scroll            |     7 |     2 |       ||     9
       Potion            |       |     2 |       ||     2
Armor: Scale mail        |    84 |   103 |     1 ||   188
Dodge: Dodged            |    92 |    78 |     1 ||   171
Block: Buckler           |    31 |    31 |     1 ||    63

Table legend: (Time is in decaauts)
 A = Elapsed time spent in this place.
 B = Non-inter-level travel time spent in this place.
 C = Inter-level travel time spent in this place.
 D = Time resting spent in this place.
 E = Time spent auto-exploring this place.
 F = Levels seen in this place.
 G = Mean time per level.
                   A        B        C        D        E       F      G
               +--------+--------+--------+--------+--------+-----+--------+
         Total |   3303 |   3225 |     78 |    178 |   2347 |   4 |  825.8 |
       Dungeon |   3303 |   3225 |     78 |    178 |   2347 |   4 |  825.8 |
               +--------+--------+--------+--------+--------+-----+--------+

Top non-repeatable levels by time:
     D:2: 979 daAuts
     D:1: 832 daAuts
     D:4: 758 daAuts
     D:3: 733 daAuts
